Map: Dead of Night

Players

wasp

  • Race: Protoss Protoss
  • Spawn Location: 0:00

NamroodTuo

  • Race: Terran Terran
  • Spawn Location: 0:00

VOD

Have the link to the VOD?

Description

Time

  • Played on: Jan. 27, 2023, 3:24 p.m.
  • Length: 52:13
Show
View Real Time Build Order
Export as new Build Order

wasp Protoss 

Build Orders:  

Get SALT Encoding   

  12  0:07  Probe (Chrono Boost)  
  13  0:19  Probe (Chrono Boost)  
  14  0:34  Pylon  
  14  0:42  Pylon  
  14  1:00  Probe (Chrono Boost)  
  14  1:03  Forge  
  15  1:22  Probe (Chrono Boost), Gateway  
  16  1:34  Probe (Chrono Boost)  
  17  1:48  Probe (Chrono Boost), Pylon  
  18  2:00  Probe (Chrono Boost)  
  19  2:24  Sentinel  
  21  2:57  Sentinel  
  21  3:05  Pylon  
  23  3:30  Sentinel  
  25  4:03  Sentinel  
  22  4:36  Sentinel  
  22  4:38  Probe (Chrono Boost)  
  25  4:51  Probe (Chrono Boost)  
  26  5:00  Gateway  
  26  5:03  Probe (Chrono Boost)  
  27  5:15  Probe (Chrono Boost)  
  27  5:16  Photon Cannon  
  27  5:17  Photon Cannon  
  27  5:19  Photon Cannon  
  28  5:23  Photon Cannon  
  28  5:25  Photon Cannon  
  28  5:27  Probe (Chrono Boost)  
  29  5:42  Assimilator  
  29  5:49  Assimilator  
  29  5:53  Assimilator  
  29  5:54  Sentinel  
  31  6:27  Sentinel  
  23  7:00  Sentinel  
  23  7:01  Sentinel  
  27  7:17  Sentinel  
  27  7:18  Sentinel  
  27  7:22  Probe (Chrono Boost)  
  27  7:29  Probe (Chrono Boost)  
  28  7:37  Probe (Chrono Boost)  
  33  7:43  Probe (Chrono Boost)  
  33  7:46  Sentinel  
  33  7:48  Sentinel  
  34  7:54  Probe (Chrono Boost)  
  34  7:57  Solar Efficiency Level 1  
  40  8:19  Sentinel  
  40  8:21  Sentinel  
  40  8:24  Probe (Chrono Boost)  
  45  8:36  Probe (Chrono Boost)  
  46  8:48  Probe (Chrono Boost)  
  47  9:06  Sentinel  
  47  10:05  Pylon  
  47  10:09  Pylon  
  47  10:12  Pylon  
  47  10:18  Pylon  
  47  10:27  Pylon  
  47  10:34  Pylon  
  47  10:39  Pylon  
  47  10:43  Sentinel x2  
  47  10:45  Pylon  
  47  10:49  Pylon  
  51  10:51  Pylon  
  51  11:00  Pylon  
  51  11:16  Sentinel x2  
  55  11:49  Sentinel x2  
  59  12:22  Sentinel x2  
  63  12:55  Sentinel x2  
  67  14:07  Khaydarin Monolith  
  67  14:11  Khaydarin Monolith  
  67  14:21  Khaydarin Monolith  
  67  14:25  Khaydarin Monolith  
  67  14:33  Khaydarin Monolith  
  67  14:36  Khaydarin Monolith  
  67  14:52  Khaydarin Monolith  
  67  14:56  Khaydarin Monolith  
  67  15:24  Pylon  
  65  15:51  Pylon  
  65  16:20  Cybernetics Core  
  65  16:29  Gateway  
  65  16:53  Shield Battery  
  65  17:09  Warp Gate  
  65  17:49  Twilight Council, Protoss Air Weapons Level 1  
  65  18:35  Sentinel  
  65  18:37  Sentinel  
  65  18:39  Sentinel  
  59  20:08  Protoss Air Armor Level 1  
  33  21:43  Sentinel  
  33  21:44  Sentinel  
  33  21:45  Sentinel  
  39  22:46  Sentinel  
  39  22:47  Sentinel  
  39  22:48  Sentinel  
  45  23:07  Gateway  
  45  23:17  Gateway  
  45  23:37  Gateway  
  45  24:28  Robotics Facility  
  45  24:34  Charge  
  45  24:36  Stargate  
  45  24:58  Sentinel x2  
  45  24:59  Sentinel x2  
  53  25:01  Sentinel  
  53  25:02  Sentinel  
  57  25:22  Reconstruction  
  57  25:28  Sentinel  
  57  25:29  Sentinel  
  61  25:30  Sentinel  
  61  25:31  Sentinel  
  61  25:32  Sentinel  
  61  25:33  Sentinel  
  69  25:49  Mirage  
  69  25:53  Immortal  
  75  26:20  Mirage  
  77  26:41  Rapid Recharging, Immortal  
  81  26:50  Mirage  
  81  26:59  Khaydarin Monolith  
  83  27:15  Khaydarin Monolith  
  83  27:20  Mirage  
  83  27:22  Khaydarin Monolith  
  83  27:29  Immortal, Pylon  
  85  27:39  Pylon  
  89  27:51  Mirage  
  89  27:55  Reclamation  
  91  28:04  Sentinel  
  91  28:05  Sentinel x2  
  91  28:06  Sentinel, Khaydarin Monolith  
  91  28:07  Sentinel  
  91  28:08  Sentinel x2  
  91  28:09  Sentinel  
  103  28:11  Sentinel  
  103  28:13  Sentinel  
  103  28:16  Sentinel  
  103  28:17  Immortal  
  103  28:18  Sentinel  
  103  28:21  Sentinel  
  107  28:30  Sentinel  
  107  28:43  Sentinel  
  107  28:46  Sentinel  
  107  28:47  Sentinel  
  107  28:49  Sentinel  
  107  28:55  Sentinel  
  107  29:02  Sentinel  
  107  29:08  Observer  
  102  29:22  Sentinel  
  102  29:24  Sentinel  
  102  29:25  Sentinel  
  102  29:26  Sentinel  
  102  29:27  Sentinel  
  102  29:28  Sentinel  
  114  29:36  Sentinel  
  114  29:37  Sentinel x5  
  114  29:39  Sentinel x2  
  114  29:42  Sentinel x2  
  98  30:25  Sentinel  
  98  30:27  Sentinel  
  98  30:28  Sentinel  
  104  30:30  Sentinel  
  104  30:31  Sentinel  
  104  30:33  Sentinel  
  110  31:48  Sentinel  
  110  31:49  Sentinel x4  
  120  31:50  Sentinel  
  122  32:54  Sentinel x2  
  122  32:55  Sentinel x2  
  122  32:57  Sentinel  
  122  32:58  Sentinel  
  122  32:59  Sentinel  
  199  33:00  Sentinel  
  122  33:02  Sentinel  
  122  33:04  Sentinel x2  
  122  33:08  Sentinel x3  
  122  33:11  Sentinel  
  122  33:13  Sentinel x2  
  122  33:14  Sentinel x2  
  122  33:15  Sentinel  
  122  33:19  Sentinel x2  
  122  33:21  Sentinel  
  122  33:22  Sentinel x2  
  122  33:31  Sentinel x2  
  122  33:37  Sentinel x2  
  120  33:41  Sentinel  
  120  33:44  Sentinel  
  120  33:46  Sentinel  
  120  33:47  Sentinel  
  120  33:48  Sentinel  
  118  33:50  Sentinel  
  28  38:08  Sentinel x2  
  28  38:09  Sentinel  
  34  38:10  Sentinel x2  
  34  38:11  Sentinel  
  40  38:47  Sentinel  
  40  38:49  Sentinel  
  40  38:53  Sentinel  
  40  38:58  Sentinel  
  40  39:03  Sentinel  
  40  39:04  Sentinel  
  27  40:09  Sentinel  
  29  40:10  Sentinel  
  29  40:11  Sentinel x2  
  29  40:13  Sentinel x2  
  39  40:21  Sentinel  
  39  40:23  Sentinel  
  39  40:34  Sentinel  
  39  40:36  Sentinel  
  33  41:45  Immortal  
  37  42:14  Sentinel  
  37  42:15  Sentinel x3  
  37  42:16  Sentinel  
  37  42:17  Sentinel  
  49  42:21  Sentinel  
  49  42:30  Sentinel  
  49  42:32  Immortal  
  49  42:35  Sentinel x3  
  49  42:37  Sentinel x2  
  49  42:38  Sentinel  
  49  42:40  Sentinel  
  49  42:41  Sentinel  
  49  42:42  Sentinel x5  
  49  42:43  Sentinel x2  
  49  42:46  Sentinel  
  49  42:48  Sentinel  
  49  42:49  Sentinel  
  63  42:50  Sentinel  
  63  43:20  Immortal  
  36  44:41  Sentinel  
  36  44:43  Sentinel  
  36  44:44  Sentinel  
  36  44:45  Sentinel x2  
  36  44:48  Sentinel  
  32  44:57  Sentinel x2  
  32  44:58  Sentinel x2  
  36  45:03  Sentinel  
  36  45:04  Sentinel  
  28  45:36  Sentinel  
  28  45:38  Sentinel  
  28  45:39  Sentinel x2  
  30  45:40  Sentinel x2  
  30  45:41  Sentinel x4  
  30  45:42  Sentinel  
  30  45:45  Sentinel  
  36  46:11  Sentinel x2  
  36  46:12  Sentinel  
  36  46:15  Sentinel  
  34  46:29  Sentinel x2  
  28  46:30  Sentinel  
  28  46:31  Sentinel  
  20  46:56  Sentinel  
  20  46:57  Sentinel x2  
  20  46:58  Sentinel  
  24  47:25  Nexus  
  24  47:48  Pylon  
  24  47:53  Pylon  
  24  48:06  Pylon  
  24  48:08  Pylon  
  24  48:43  Sentinel x2  
  24  48:44  Sentinel x2  
  32  49:04  Pylon  
  32  49:11  Sentinel  
  32  49:25  Sentinel  
  32  49:30  Sentinel x5  
  32  49:31  Sentinel  
  32  49:32  Sentinel  
  32  49:35  Sentinel  
  32  49:36  Sentinel x2  
  32  49:39  Sentinel  
  42  49:47  Sentinel  
  42  49:50  Sentinel x2  
  42  49:51  Sentinel  
  42  49:53  Sentinel  
  40  50:06  Sentinel  
  40  50:08  Sentinel x2  
  39  50:15  Sentinel  
  39  50:19  Sentinel x2  
  40  50:20  Sentinel x2  
  40  50:27  Sentinel x2  
  40  50:29  Sentinel  
Show
View Real Time Build Order
Export as new Build Order

NamroodTuo Terran 

Build Orders:  

Get SALT Encoding   

  12  0:03  SCV  
  13  0:15  SCV  
  14  0:27  SCV  
  15  0:40  Factory  
  15  1:10  Supply Depot  
  15  1:23  SCV  
  16  1:34  SCV  
  16  1:39  Perdition Turret  
  17  1:46  SCV  
  18  1:50  Perdition Turret  
  18  1:58  SCV  
  19  2:12  Perdition Turret  
  19  2:16  SCV  
  20  2:27  Devastation Turret  
  20  2:28  SCV  
  21  2:41  Devastation Turret  
  21  2:43  SCV  
  22  2:58  Devastation Turret  
  22  3:06  SCV  
  23  3:19  Supply Depot  
  23  3:32  Supply Depot  
  23  3:35  Supply Depot  
  23  4:14  Devastation Turret  
  23  4:24  Perdition Turret x2  
  23  4:25  Perdition Turret  
  23  4:27  Perdition Turret  
  23  4:28  Perdition Turret  
  23  4:30  Perdition Turret  
  23  4:32  Perdition Turret  
  23  4:37  Perdition Turret  
  23  4:38  Perdition Turret x2  
  23  4:42  Devastation Turret  
  23  4:58  Perdition Turret x2  
  23  5:04  Devastation Turret  
  23  5:22  Devastation Turret  
  23  5:37  Devastation Turret  
  23  5:43  Perdition Turret x3  
  23  5:46  SCV, Perdition Turret x2  
  24  5:58  SCV  
  24  6:04  Devastation Turret  
  24  6:08  Perdition Turret  
  24  6:09  Perdition Turret  
  25  6:10  SCV  
  25  6:11  Perdition Turret x2  
  25  6:14  Perdition Turret  
  26  6:22  SCV  
  27  6:33  SCV  
  27  6:34  Perdition Turret  
  27  6:39  Perdition Turret  
  28  6:42  Perdition Turret  
  28  6:45  SCV, Perdition Turret  
  28  6:47  Perdition Turret  
  28  6:48  Perdition Turret  
  28  6:49  Perdition Turret  
  29  6:50  Perdition Turret x2  
  29  6:53  Refinery  
  29  6:56  Refinery  
  29  6:57  SCV, Perdition Turret  
  30  7:00  Refinery  
  30  7:06  Perdition Turret x2  
  30  7:07  Perdition Turret  
  30  7:09  SCV  
  30  7:10  Perdition Turret  
  30  7:19  Perdition Turret  
  31  7:20  Perdition Turret x2  
  31  7:21  SCV  
  31  7:22  Perdition Turret  
  31  7:23  Perdition Turret  
  31  7:28  SCV  
  32  7:34  SCV  
  32  7:35  Perdition Turret x2  
  33  7:40  SCV  
  33  7:48  SCV  
  36  8:05  SCV  
  37  8:17  SCV  
  38  8:29  SCV  
  39  8:41  SCV  
  39  8:42  Perdition Turret  
  39  8:46  Perdition Turret  
  39  8:47  Perdition Turret  
  40  8:50  Perdition Turret  
  40  8:53  SCV  
  41  9:30  Armory  
  41  9:33  Engineering Bay  
  41  9:35  Factory Tech Reactor  
  41  9:56  Devastation Turret  
  41  9:57  Devastation Turret  
  41  10:08  Upgrade Laser Drill Level 1  
  41  10:17  Supply Depot  
  41  10:18  Devastation Turret  
  41  10:19  Devastation Turret  
  41  10:22  Supply Depot  
  41  10:24  SCV  
  41  10:26  Regenerative Bio-Steel  
  41  10:29  KMC Auto-Loaders  
  42  10:36  SCV  
  42  10:37  Supply Depot  
  43  10:46  Supply Depot  
  43  10:48  SCV  
  43  10:59  SCV, Supply Depot  
  45  11:11  SCV  
  46  11:40  Devastation Turret, Advanced Optics  
  46  11:43  Devastation Turret  
  46  11:51  Fire-Suppression Systems  
  46  11:59  Devastation Turret  
  46  12:00  Devastation Turret  
  46  12:05  Devastation Turret  
  46  12:07  Perdition Turret  
  46  12:09  Perdition Turret  
  46  12:23  Perdition Turret  
  46  12:24  Perdition Turret x2  
  46  12:29  Devastation Turret  
  46  12:30  Spinning Dizzy  
  46  12:31  Spinning Dizzy  
  44  12:43  Structure Armor, Perdition Turret x2  
  44  12:49  Perdition Turret, Devastation Turret  
  44  13:07  Perdition Turret  
  44  13:12  Perdition Turret  
  44  13:13  Perdition Turret  
  44  13:14  Perdition Turret  
  44  13:19  Terran Vehicle and Ship Weapons Level 1  
  44  13:22  Perdition Turret  
  44  13:34  Perdition Turret, Spinning Dizzy  
  44  13:35  Hi-Sec Auto Tracking  
  44  13:36  Thor  
  44  13:47  Perdition Turret  
  44  13:48  Perdition Turret  
  50  13:53  SCV  
  51  14:02  Perdition Turret  
  51  14:03  Perdition Turret  
  51  14:04  SCV, Perdition Turret  
  52  14:12  Perdition Turret  
  52  14:13  Perdition Turret x2  
  52  14:14  Perdition Turret  
  52  14:16  SCV  
  53  14:20  Perdition Turret  
  53  14:24  Perdition Turret  
  53  14:28  SCV  
  53  14:30  Thor  
  53  14:31  Perdition Turret  
  53  14:32  Perdition Turret x2  
  53  14:33  Perdition Turret  
  53  14:34  Thor  
  53  14:35  Perdition Turret  
  53  14:37  330mm Barrage Cannon, Perdition Turret x2  
  53  14:38  Perdition Turret  
  60  14:40  SCV  
  60  14:46  Upgrade Laser Drill Level 2  
  67  14:50  Perdition Turret x3  
  67  14:52  SCV  
  67  14:55  Perdition Turret  
  67  14:59  Factory  
  68  15:00  Perdition Turret  
  68  15:03  SCV, Perdition Turret  
  69  15:12  Thor  
  69  15:13  Perdition Turret  
  69  15:15  Thor  
  69  15:17  SCV  
  69  15:19  Perdition Turret  
  76  15:20  Perdition Turret  
  76  15:29  SCV  
  82  15:38  Terran Vehicle And Ship Armor Level 1  
  83  15:41  SCV  
  83  15:42  Devastation Turret  
  83  15:48  Spinning Dizzy  
  84  15:52  SCV  
  85  16:01  Factory Tech Reactor  
  85  16:04  SCV  
  86  16:25  Starport  
  86  16:44  Supply Depot  
  86  16:45  Supply Depot  
  86  16:46  Supply Depot x2  
  86  17:07  Supply Depot  
  86  17:13  Devastation Turret x2  
  86  17:29  Supply Depot  
  86  17:42  Devastation Turret  
  86  17:43  Devastation Turret  
  86  17:45  SCV  
  87  17:54  Terran Vehicle and Ship Weapons Level 2  
  87  17:57  SCV  
  88  18:05  Devastation Turret x2  
  88  18:09  SCV  
  88  18:13  Spinning Dizzy  
  88  18:14  Devastation Turret  
  89  18:22  Spinning Dizzy  
  89  18:25  Starport Tech Reactor  
  89  18:38  Spinning Dizzy  
  89  18:43  Spinning Dizzy  
  89  19:01  Defensive Matrix  
  89  19:03  Science Vessel  
  91  19:19  Science Vessel  
  91  19:27  Thor  
  91  19:28  Thor  
  93  19:30  Thor, Perdition Turret x3  
  93  19:31  Perdition Turret  
  93  19:33  Perdition Turret  
  93  19:34  Perdition Turret  
  93  19:38  Perdition Turret x2  
  111  19:44  Science Vessel  
  111  19:45  Perdition Turret x2  
  111  19:46  Perdition Turret x2  
  111  19:51  Perdition Turret  
  111  19:54  Perdition Turret x3  
  111  19:56  Perdition Turret  
  111  19:57  Perdition Turret  
  113  20:00  Perdition Turret x2  
  113  20:01  Science Vessel  
  113  20:02  Perdition Turret  
  115  20:11  Perdition Turret  
  115  20:12  Perdition Turret x3  
  115  20:15  Perdition Turret  
  115  20:16  Perdition Turret  
  115  20:17  Perdition Turret x2  
  115  20:18  Perdition Turret  
  115  20:21  Thor  
  115  20:22  Thor, Perdition Turret x2  
  115  20:23  Improved Nano-Repair  
  127  20:38  Perdition Turret  
  127  20:39  Perdition Turret  
  127  20:41  Perdition Turret x4  
  127  20:43  Perdition Turret x2  
  127  20:45  Perdition Turret x2  
  127  20:48  Perdition Turret  
  127  20:49  Perdition Turret  
  127  20:50  Perdition Turret  
  127  20:51  Perdition Turret x3  
  127  20:57  Perdition Turret x2  
  127  20:58  Perdition Turret x4  
  127  21:09  Perdition Turret x2  
  127  21:10  Perdition Turret  
  127  21:11  Perdition Turret  
  127  21:13  Perdition Turret  
  127  21:15  Perdition Turret  
  127  21:20  Perdition Turret  
  127  21:21  Perdition Turret  
  127  21:22  Perdition Turret  
  127  21:31  Perdition Turret x2  
  127  21:32  Perdition Turret x2  
  127  21:34  Perdition Turret  
  127  21:36  Perdition Turret  
  127  21:38  Perdition Turret x3  
  127  21:48  Perdition Turret x2  
  127  21:49  Perdition Turret x2  
  127  21:50  Perdition Turret  
  127  21:53  Perdition Turret x2  
  127  21:56  Perdition Turret  
  127  22:02  Perdition Turret x3  
  127  22:05  Perdition Turret  
  127  22:11  Perdition Turret x4  
  127  22:20  Thor  
  127  22:26  Perdition Turret  
  127  22:27  Perdition Turret x2  
  133  22:35  Supply Depot  
  133  22:49  Thor  
  133  22:57  Supply Depot  
  139  23:10  Thor x2  
  139  23:18  Supply Depot  
  151  23:26  Thor  
  151  23:31  Thor  
  157  23:40  Supply Depot  
  157  23:53  Thor  
  152  25:10  Thor  
  163  25:21  Supply Depot  
  163  25:41  Supply Depot  
  163  25:50  Thor  
  151  26:14  Supply Depot  
  151  26:22  Perdition Turret  
  151  26:23  Perdition Turret x3  
  151  26:25  Perdition Turret  
  151  26:26  Perdition Turret x2  
  151  26:27  Perdition Turret  
  151  26:30  Terran Vehicle And Ship Armor Level 2, Perdition Turret  
  151  26:31  Supply Depot  
  151  26:43  Perdition Turret  
  151  26:44  Perdition Turret  
  151  26:45  Perdition Turret  
  151  26:47  Perdition Turret x2  
  151  26:48  Perdition Turret  
  151  26:52  Perdition Turret  
  151  26:54  Perdition Turret  
  151  26:56  Perdition Turret x2  
  145  27:00  Thor  
  145  27:01  Perdition Turret x2  
  145  27:02  Perdition Turret x3  
  145  27:08  Devastation Turret  
  145  27:12  Perdition Turret x2  
  145  27:13  Perdition Turret x2  
  145  27:14  Perdition Turret  
  145  27:20  Perdition Turret  
  145  27:21  Perdition Turret x2  
  145  27:24  Perdition Turret x3, Devastation Turret  
  145  27:25  Perdition Turret  
  151  27:44  Perdition Turret x3  
  151  27:46  Perdition Turret  
  151  27:47  Perdition Turret  
  151  27:48  Perdition Turret  
  168  27:50  Thor, Perdition Turret x2  
  151  27:54  Perdition Turret x3  
  139  28:20  Perdition Turret x3  
  139  28:21  Perdition Turret  
  139  28:22  Thor  
  139  28:24  Perdition Turret  
  139  28:25  Thor  
  139  28:26  Perdition Turret  
  139  28:27  Thor  
  145  28:32  Thor  
  145  28:35  Thor  
  145  28:37  Perdition Turret  
  133  28:41  Perdition Turret  
  133  29:00  Perdition Turret  
  133  29:01  Perdition Turret  
  133  29:07  Thor  
  150  29:11  Terran Vehicle and Ship Weapons Level 3  
  150  29:14  Perdition Turret  
  150  29:15  Perdition Turret x2  
  150  29:16  Perdition Turret  
  156  29:22  Perdition Turret  
  156  29:28  Perdition Turret  
  155  29:43  Perdition Turret  
  155  29:44  Perdition Turret x3  
  155  29:46  Perdition Turret  
  155  29:47  Perdition Turret  
  160  30:00  Devastation Turret  
  160  30:31  Devastation Turret  
  160  31:00  Devastation Turret  
  160  31:27  Devastation Turret  
  142  33:52  Thor  
  142  33:56  Perdition Turret  
  142  34:06  Perdition Turret  
  142  34:07  Perdition Turret x2  
  142  34:12  Perdition Turret  
  142  34:13  Perdition Turret x3  
  142  34:15  Perdition Turret x2  
  142  34:21  Thor  
  142  34:22  Terran Vehicle And Ship Armor Level 3  
  148  34:47  Perdition Turret x3  
  148  34:48  Perdition Turret  
  148  34:52  Perdition Turret x3  
  148  34:56  Thor  
  148  34:57  Perdition Turret  
  148  34:58  Perdition Turret x2  
  154  35:07  Perdition Turret x2  
  154  35:12  Perdition Turret x2  
  154  35:14  Perdition Turret  
  154  35:24  Perdition Turret x2  
  154  35:25  Perdition Turret  
  154  35:26  Perdition Turret x2  
  154  35:27  Perdition Turret  
  145  35:30  Perdition Turret  
  145  35:31  Perdition Turret  
  145  35:32  Perdition Turret  
  145  35:33  Perdition Turret  
  145  35:34  Perdition Turret  
  145  35:35  Perdition Turret  
  145  35:36  Perdition Turret  
  145  35:37  Perdition Turret x2  
  145  35:38  Perdition Turret  
  145  35:39  Perdition Turret x2  
  151  35:43  Perdition Turret x2  
  151  35:49  Thor  
  151  35:50  Perdition Turret  
  151  35:51  Thor, Perdition Turret  
  151  35:52  Perdition Turret  
  151  35:53  Thor, Perdition Turret  
  151  35:56  Perdition Turret  
  151  35:57  Perdition Turret  
  151  35:58  Perdition Turret x2  
  151  35:59  Perdition Turret  
  145  36:00  Perdition Turret  
  145  36:04  Perdition Turret  
  145  36:05  Perdition Turret x2  
  131  36:16  Perdition Turret  
  131  36:17  Perdition Turret  
  131  36:18  Perdition Turret  
  101  36:29  Perdition Turret  
  89  36:30  Perdition Turret x2  
  89  36:36  Perdition Turret  
  89  36:37  Perdition Turret  
  89  36:38  Perdition Turret x3  
  77  36:44  Perdition Turret  
  77  36:45  Perdition Turret x2  
  65  36:57  Perdition Turret  
  65  36:59  Perdition Turret x2  
  59  37:00  Perdition Turret x2  
  59  37:01  Thor x4  
  59  37:03  Perdition Turret  
  59  37:06  Perdition Turret  
  82  37:10  Perdition Turret  
  82  37:11  Perdition Turret  
  82  37:12  Perdition Turret x2  
  82  37:14  Perdition Turret  
  80  37:24  Perdition Turret  
  80  37:25  Perdition Turret  
  80  37:26  Perdition Turret  
  80  37:27  Perdition Turret  
  79  37:42  Thor  
  79  37:43  Thor x3  
  103  38:24  Thor  
  103  38:25  Thor x3  
  125  38:47  Devastation Turret  
  125  39:06  Thor x3  
  125  39:07  Thor, Devastation Turret  
  149  39:27  Devastation Turret  
  149  39:47  Thor  
  149  39:48  Thor, Devastation Turret  
  161  40:06  Science Vessel x2  
  161  40:08  Devastation Turret  
  159  40:48  Science Vessel  
  161  41:22  Perdition Turret  
  161  41:31  Perdition Turret  
  161  41:32  Perdition Turret x2  
  155  41:55  Perdition Turret  
  155  41:57  Perdition Turret  
  113  42:12  Perdition Turret x2  
  83  42:25  Perdition Turret  
  83  42:26  Perdition Turret  
  71  42:41  Perdition Turret x3  
  71  42:46  Perdition Turret  
  71  42:48  Perdition Turret  
  71  42:49  Perdition Turret  
  71  42:50  Perdition Turret x2  
  71  42:51  Perdition Turret  
  71  43:09  Perdition Turret  
  71  43:10  Perdition Turret  
  71  43:11  Perdition Turret  
  71  43:12  Perdition Turret  
  71  43:13  Perdition Turret  
  71  43:17  Devastation Turret  
  71  43:18  Devastation Turret x2  
  71  43:19  Perdition Turret  
  71  43:20  Devastation Turret  
  71  43:25  Perdition Turret  
  71  43:29  Perdition Turret  
  71  43:30  Devastation Turret  
  71  43:32  Devastation Turret  
  71  43:35  Devastation Turret  
  71  43:39  Perdition Turret  
  71  43:45  Perdition Turret  
  70  44:00  Devastation Turret  
  70  44:02  Devastation Turret  
  61  44:22  Devastation Turret  
  61  44:26  Devastation Turret  
  61  44:27  Devastation Turret  
  46  44:56  Devastation Turret  
  46  44:58  Devastation Turret  
  38  45:07  Thor x2  
  38  45:08  Thor x2  
  56  45:49  Thor x4  
  75  46:30  Thor  
  75  46:31  Thor x2  
  91  47:10  Thor  
  91  47:12  Thor x2  
  91  47:13  Thor  
  115  47:52  Thor  
  59  49:39  Devastation Turret  
  53  50:00  Devastation Turret  
  53  50:14  Thor x4  
  53  50:19  Devastation Turret  
  53  50:25  Starport Tech Reactor  
  71  50:36  Devastation Turret  
  65  50:52  Thor  
  65  50:54  Thor  
Tags
 
Commander
KaraxSwann
Matchup
Co-op
Replay Pack
Multiplayer
Add a new tag
Caveats
  • Supply blocks, unpowered buildings, or Contaminate may cause inaccurate times.
  • Supply counts are checked every 10 seconds.